 Dungeon Crawl Stone Soup version 0.31-a0-1178-gc5c9b8f871 (webtiles) character file.

Game seed: 17775254238938912820

15435 lunkers the Black Belt (level 12, -2/101 HPs)
             Began as a Meteoran Shapeshifter on Dec 11, 2023.
             Was the Champion of Jiyva.
             Slain by a meliai simulacrum (9 damage)
             ... on level 13 of the Dungeon.
             The game lasted 00:18:55 (5891 turns).

lunkers the Black Belt (Meteoran Shapeshifter)      Turns: 5891, Time: 00:18:55

Health: -2/101     AC:  6    Str: 15    XL:     12   Next: 94%
Magic:  13/13      EV: 28    Int: 21    God:    Jiyva [******]
Gold:   282        SH:  0    Dex: 21    Spells: 11/11 levels left

rFire   . .          .
                       - Unarmed
rCold   . . .        (shield currently unavailable)
rNeg    . . .        e - melded +0 scale mail
rPois   .            (no helmet)
rElec   .            (no cloak)
rCorr   +            o - +1 pair of gloves
SInv    .            y - +2 pair of boots {Fly}
Will    +....        m - amulet of regeneration
Stlth   +            l - +6 ring of dexterity
HPRegen 2.76/turn    H - +5 ring of evasion
MPRegen 0.63/turn

%: no passive effects
@: flux-form, flying, glowing
A: glow, contaminating, sense surroundings 2, otherworldly, glowing, explore
regen, clever 2, gelatinous body 1, pseudopods 3, jelly sensing items, sturdy
frame 3, noise suppression
a: Begin Untransformation, Renounce Religion, Oozemancy, Slimify


You were on level 13 of the Dungeon.
You worshipped Jiyva.
Jiyva was exalted by your worship.
You were something dangerously unstable.
You visited 1 branch of the dungeon, and saw 13 of its levels.
You also visited: Sewer.

You collected 518 gold pieces.
You spent 236 gold pieces at shops.

Inventory:

Hand Weapons
 F - a +3 demon trident
Armour
 e - a +0 scale mail (melded)
 o - a +1 pair of gloves (worn)
 s - a +1 chain mail of poison resistance
 y - a +2 pair of boots of flying (worn)
 z - a +1 ring mail of positive energy
 G - a +0 pair of boots
 I - a +0 troll leather armour
 K - +0 acid dragon scales
Jewellery
 l - a +6 ring of dexterity (left hand)
 m - an amulet of regeneration (around neck)
 w - an amulet of magic regeneration
 H - a +5 ring of evasion (right hand)
Talismans
 c - a beast talisman
 d - a flux talisman (active)
Wands
 f - a wand of charming (9)
 p - a wand of flame (45)
 B - a wand of acid (5)
 D - a wand of roots (12)
 E - a wand of polymorph (6)
Scrolls
 h - 3 scrolls of summoning
 i - 3 scrolls of immolation
 r - a scroll of teleportation
 u - a scroll of fear
 x - a scroll of enchant armour
 A - 3 scrolls of revelation
 C - a scroll of enchant weapon
Potions
 a - 2 potions of haste
 b - 4 potions of lignification
 g - a potion of brilliance
 j - 2 potions of attraction
 k - 2 potions of heal wounds
 n - a potion of berserk rage
 q - a potion of magic
 t - a potion of degeneration {unknown}
 v - a potion of cancellation {unknown}
 J - a potion of curing {unknown}
Miscellaneous
 L - a condenser vane


   Skills:
 + Level 7.8 Fighting
 + Level 8.1 Dodging
 * Level 16.5 Unarmed Combat
 + Level 11.4 Shapeshifting


You had 11 spell levels left.
You didn't know any spells.
Your spell library contained the following spells:

 Spells                   Type           Power      Damage    Failure   Level
 Sublimation of Blood     Necr           0%         N/A       26%         2
 Petrify                  Tmut/Erth      0%         N/A       87%         4
 Alistair's Intoxication  Tmut/Pois      0%         N/A       99%         5
 Borgnjor's Vile Clutch   Necr/Erth      0%         N/A       99%         5
 Irradiate                Conj/Tmut      0%         3d11      99%         5
 Eringya's Noxious Bog    Tmut/Pois      0%         4d6       100%        6


Dungeon Overview and Level Annotations

Branches:
Dungeon (13/15) Zot: 2351  Temple (0/1) D:6            Lair (0/5) D:11
    Orc (0/2) D:11          Sewer (visited)
 Vaults: D:13-14

Altars:
Ashenzari
Makhleb
Okawaru
Qazlal
Trog
Vehumet
Wu Jian
Jiyva

Shops:
D:4 =   D:9 :   D:11 *[


Innate Abilities, Weirdness & Mutations

You are something dangerously unstable.
You glow with magical radiation, making you easy to see and hit.
Foes you strike become dangerously contaminated with magical radiation.
You are incapable of wielding weapons or throwing items.
You passively map the area around you.
You are easily found by Zot.
You glow in the dark.
You regain HP and MP as you explore.
Your mind is very acute. (Int +8, Str/Dex -2)
Your rubbery body absorbs attacks. (AC +1, EV +1)
Armour fits poorly on your massive pseudopods.
You have a small jelly attached to you that senses nearby items.
Your movements are significantly less encumbered by armour. (ER -6)
You passively dampen the noise of your surroundings.


Message History

The meliai simulacrum misses you.
You punch the sky beast!
You kill the sky beast!
The sky beast's shape twists and changes as it dies.
The meliai simulacrum closely misses you. x2
You completely miss the meliai simulacrum.
The meliai simulacrum hits you. The meliai simulacrum freezes you!
* * * LOW HITPOINT WARNING * * *
The meliai simulacrum completely misses you.
You punch the meliai simulacrum!
The meliai simulacrum begins to glow.
You bludgeon the meliai simulacrum, but do no damage.
The meliai simulacrum is heavily damaged.
The meliai simulacrum closely misses you.
The meliai simulacrum barely misses you.
The meliai simulacrum hits you!
* * * LOW HITPOINT WARNING * * *
The meliai simulacrum freezes you!!
* * * LOW HITPOINT WARNING * * *
The meliai simulacrum closely misses you.
You punch the meliai simulacrum!
The meliai simulacrum glows dangerously bright.
The meliai simulacrum is almost destroyed.
You punch the boulder beetle!
The boulder beetle begins to glow.
You bludgeon the boulder beetle.
The boulder beetle is moderately wounded.
Unknown command.
You hit the boulder beetle.
The boulder beetle glows dangerously bright.
The boulder beetle is moderately wounded.
The meliai simulacrum closely misses you.
The meliai simulacrum hits you.
* * * LOW HITPOINT WARNING * * *
The meliai simulacrum freezes you!!
* * * LOW HITPOINT WARNING * * *
The boulder beetle bites you.
* * * LOW HITPOINT WARNING * * *
The meliai simulacrum hits you.
* * * LOW HITPOINT WARNING * * *
The meliai simulacrum freezes you!
You die...

, ,,,, ........... ,,
#...#...#.. , , , , ∆
,###...+...... ,, , , ,
#.....#...... * *
,,#.....#...... * * *
*############.....#...#..
,
,,.............#.....###..
......Z.##.#.#.......... ,
, , , ##Bp...#............
* ......†.##.#####........
,* .#..##..#..# #........
, ,#.,#..##..# #....^..# *
* , #.. ...# #.......# *
..# ...# ###...#.... *
,,**, #.. ..#.#
#.........# , * * ..#* .#
#.........# * #..........


You could see a boulder beetle (heavy contam, misshapen) and a meliai simulacrum
(heavy contam).

Vanquished Creatures
  A frost giant (D:11)
  A hydra (D:11)
  A boulder beetle (D:12)
  3 two-headed ogres
  An orc knight (D:12)
  2 ugly things
  The ghost of tallbingo the Covert, a novice SpBr of Dithmenos (D:7)
  2 gargoyles (D:11)
  2 komodo dragons (D:12)
  A kobold demonologist (D:12)
  An unseen horror (D:11)
  4 trolls (D:11)
  3 hornets
  A wraith (D:11)
  A wyvern (D:7)
  A basilisk (D:12)
  10 yaks
  2 vampire mosquitoes (D:13)
  An acid dragon (D:12)
  8 orc warriors
  A sky beast (shapeshifter) (D:13)
  A sky beast (D:6)
  An ice beast (D:5)
  An ogre (D:7)
  4 centaurs
  2 brain worms (Sewer)
  6 kobold brigands
  2 bullfrogs
  3 wights
  17 killer bees
  4 howler monkeys
  2 gnoll boudas
  6 orc priests
  3 hounds
  3 sleepcaps
  Jessica (D:2)
  Terence (D:3)
  2 iguanas
  7 orc wizards
  13 gnolls
  A river rat (Sewer)
  7 adders
  A shadow imp (D:6)
  A white imp (D:6)
  A dart slug (D:5)
  25 orcs
  5 ball pythons
  An endoplasm (D:1)
  5 giant cockroaches
  3 goblins
  3 hobgoblins
  4 quokkas
  5 bats
  6 frilled lizards
  18 kobolds
  6 rats
219 creatures vanquished.

Vanquished Creatures (collateral kills)
  Urug (D:10)
  A steam dragon (D:7)
  2 centaurs
  5 wights
  An iguana (D:6)
  An adder (D:6)
  2 orcs (D:6)
13 creatures vanquished.

Vanquished Creatures (others)
  A deep elf pyromancer (D:11)
  A slime creature (D:11)
  Menkaure (D:5)
  A black bear (shapeshifter) (D:11)
  A centaur (D:12)
  A kobold brigand (D:8)
  A bullfrog (D:5)
  A scorpion (D:5)
  A killer bee (D:7)
  2 orc priests (D:8)
  A hound (D:7)
  26 jellies
  An iguana (D:5)
  4 orc wizards
  Robin (D:4)
  2 adders
  A white imp (D:8)
  A dart slug (D:5)
  6 orcs
  A giant cockroach (D:4)
  9 goblins
  2 hobgoblins
  A frilled lizard (D:3)
  8 kobolds
  A rat (D:3)
76 creatures vanquished.

Grand Total: 308 creatures vanquished

Notes
Turn   | Place    | Note
-------+----------+-------------------------------------------
     0 | D:1      | lunkers the Meteoran Shapeshifter began the quest for the
                  | Orb.
     0 | D:1      | Reached XP level 1. HP: 16/16 MP: 2/2
    17 | D:1      | Found a faded altar of an unknown god.
    50 | D:1      | Prayed at the altar of an unknown god.
    50 | D:1      | Became a worshipper of Jiyva Jymautte the Shapeless
    50 | D:1      | Reached * piety under Jiyva
   217 | D:1      | Reached skill level 4 in Unarmed Combat
   217 | D:1      | Reached XP level 2. HP: 23/23 MP: 3/3
   281 | D:1      | Reached ** piety under Jiyva
   624 | D:2      | Noticed Jessica
   630 | D:2      | Killed Jessica
   631 | D:2      | Reached XP level 3. HP: 28/28 MP: 4/4
   631 | D:2      | Reached XP level 4. HP: 35/35 MP: 5/5
   814 | D:2      | Reached skill level 5 in Unarmed Combat
   904 | D:3      | Reached *** piety under Jiyva
   904 | D:3      | Gained mutation: Your rubbery body absorbs attacks. (AC +1,
                  | EV +1) [Jiyva's grace]
   904 | D:3      | Gained mutation: Your pliable body absorbs attacks. (AC +2,
                  | EV +2) [Jiyva's grace]
   904 | D:3      | Gained mutation: Your gelatinous body deflects attacks. (AC
                  | +3, EV +3) [Jiyva's grace]
   904 | D:3      | Gained mutation: You have a small jelly attached to you
                  | that senses nearby items. [Jiyva's grace]
  1106 | D:3      | Reached XP level 5. HP: 40/40 MP: 6/6
  1282 | D:3      | Noticed Terence
  1295 | D:3      | Killed Terence
  1311 | D:3      | Reached skill level 6 in Unarmed Combat
  1535 | D:3      | Reached **** piety under Jiyva
  1577 | D:4      | Reached XP level 6. HP: 47/47 MP: 7/7
  1596 | D:4      | Reached skill level 5 in Shapeshifting
  1689 | D:4      | Killed Robin
  1736 | D:4      | Found an iron altar of Okawaru.
  1788 | D:4      | Found Lezaushrou's Jewellery Emporium.
  1823 | D:4      | Reached skill level 7 in Unarmed Combat
  1883 | D:4      | Reached XP level 7. HP: 52/52 MP: 8/8
  2028 | D:5      | Entered Level 5 of the Dungeon
  2036 | D:5      | Reached ***** piety under Jiyva
  2143 | D:5      | Killed Menkaure
  2209 | D:5      | Found a radiant altar of Vehumet.
  2280 | D:5      | Found a glowing drain.
  2285 | Sewer    | Entered a sewer
  2306 | Sewer    | Reached skill level 8 in Unarmed Combat
  2427 | Sewer    | Reached XP level 8. HP: 54/59 MP: 9/9
  2665 | D:6      | Reached skill level 9 in Unarmed Combat
  2807 | D:6      | Reached skill level 10 in Unarmed Combat
  2933 | D:6      | Found a staircase to the Ecumenical Temple.
  2950 | D:6      | Lost mutation: Your gelatinous body deflects attacks. (AC
                  | +3, EV +3) [Jiyva's grace]
  2950 | D:6      | Lost mutation: Your pliable body absorbs attacks. (AC +2,
                  | EV +2) [Jiyva's grace]
  2950 | D:6      | Lost mutation: You have a small jelly attached to you that
                  | senses nearby items. [Jiyva's grace]
  2950 | D:6      | Gained mutation: Armour fits poorly on your pseudopods.
                  | [Jiyva's grace]
  2950 | D:6      | Gained mutation: Armour fits poorly on your large
                  | pseudopods. [Jiyva's grace]
  2950 | D:6      | Gained mutation: Armour fits poorly on your massive
                  | pseudopods. [Jiyva's grace]
  2950 | D:6      | Gained mutation: You have acidic saliva. [Jiyva's grace]
  2966 | D:6      | Gained mutation: You passively map the area around you.
                  | [Meteoran growth]
  2966 | D:6      | Reached XP level 9. HP: 61/64 MP: 10/10
  3102 | D:7      | Reached skill level 11 in Unarmed Combat
  3134 | D:7      | HP: 3/63 [wight/+1 halberd of freezing (1)]
  3204 | D:7      | Found a transporter.
  3207 | D:7      | Noticed a hornet
  3209 | D:7      | Found a transporter.
  3220 | D:7      | Reached skill level 12 in Unarmed Combat
  3232 | D:7      | Noticed tallbingo's ghost (novice SpBr)
  3252 | D:7      | Killed tallbingo's ghost
  3253 | D:7      | Reached XP level 10. HP: 34/74 MP: 11/11
  3617 | D:8      | Reached skill level 13 in Unarmed Combat
  4147 | D:9      | Found Yhumuel's Book Emporium.
  4254 | D:9      | Reached ****** piety under Jiyva
  4302 | D:9      | Lost mutation: You have acidic saliva. [Jiyva's grace]
  4302 | D:9      | Gained mutation: You are covered in slimy tendrils that may
                  | disarm your opponents. [Jiyva's grace]
  4302 | D:9      | Gained mutation: Your mind is acute. (Int +4, Str/Dex -1)
                  | [Jiyva's grace]
  4302 | D:9      | Gained mutation: Your mind is very acute. (Int +8, Str/Dex
                  | -2) [Jiyva's grace]
  4302 | D:9      | Gained mutation: You have a small jelly attached to you
                  | that senses nearby items. [Jiyva's grace]
  4374 | D:9      | Reached skill level 5 in Dodging
  4374 | D:9      | Reached XP level 11. HP: 81/85 MP: 12/12
  4407 | D:10     | Entered Level 10 of the Dungeon
  4445 | D:10     | Found a stormy altar of Qazlal.
  4468 | D:10     | Found a bloodstained altar of Trog.
  4496 | D:10     | Noticed a two-headed ogre
  4506 | D:10     | Killed a two-headed ogre
  4507 | D:10     | Reached skill level 5 in Fighting
  4507 | D:10     | Reached skill level 14 in Unarmed Combat
  4529 | D:10     | Found a broken altar of Ashenzari.
  4532 | D:10     | Found an ornate altar of the Wu Jian Council.
  4533 | D:10     | Found a burning altar of Makhleb.
  4846 | D:10     | Noticed Urug
  4856 | D:10     | Killed Urug
  4857 | D:10     | Reached skill level 10 in Shapeshifting
  4911 | D:11     | Killed a deep elf pyromancer
  4937 | D:11     | Noticed a six-headed hydra
  4944 | D:11     | Killed a six-headed hydra
  5137 | D:11     | Found a staircase to the Lair.
  5143 | D:11     | Reached skill level 15 in Unarmed Combat
  5181 | D:11     | Noticed a frost giant
  5183 | D:11     | Found a staircase to the Orcish Mines.
  5199 | D:11     | Killed a frost giant
  5200 | D:11     | Reached XP level 12. HP: 87/97 MP: 11/13
  5239 | D:11     | Found Teosiete's Armour Shop.
  5241 | D:11     | Noticed a two-headed ogre
  5252 | D:11     | Killed a two-headed ogre
  5257 | D:11     | Bought a +2 pair of boots of flying for 236 gold pieces
  5290 | D:11     | Lost mutation: You are covered in slimy tendrils that may
                  | disarm your opponents. [Jiyva's grace]
  5290 | D:11     | Gained mutation: Your movements are slightly less
                  | encumbered by armour. (ER -2) [Jiyva's grace]
  5290 | D:11     | Gained mutation: Your movements are less encumbered by
                  | armour. (ER -4) [Jiyva's grace]
  5290 | D:11     | Gained mutation: Your movements are significantly less
                  | encumbered by armour. (ER -6) [Jiyva's grace]
  5290 | D:11     | Gained mutation: You passively dampen the noise of your
                  | surroundings. [Jiyva's grace]
  5291 | D:11     | Found Pyifax's Assorted Antiques.
  5293 | D:11     | You are sucked into a shaft and drop 1 floor!
  5581 | D:12     | Noticed a boulder beetle
  5593 | D:12     | Killed a boulder beetle
  5594 | D:12     | Reached skill level 16 in Unarmed Combat
  5606 | D:12     | Noticed an orc knight
  5617 | D:12     | Killed an orc knight
  5786 | D:13     | Noticed a two-headed ogre
  5795 | D:13     | Killed a two-headed ogre
  5875 | D:13     | Noticed a boulder beetle
  5891 | D:13     | Slain by a meliai simulacrum

Illustrated notes

Levels and vault maps discovered:
D:1:      onia_arrival_mini_spirals, layout_basic,
          ebering_ecumenical_altar_webs, chequers_serial_rivers_large_a,
          minmay_gold_behind_fungi, st_stairs_13
D:2:      layout_rooms, uniq_jessica
D:3:      layout_loops_corners, nemelex_spade_bored_becter, uniq_grinder,
          uniq_terence
D:4:      layout_loops_cross, lemuel_crystal_altar, serial_shops, shop,
          uniq_robin
D:5:      layout_loops_ring, vehumet_altar_wand_db, gup_sewer_entry_bowl,
          minmay_pentangle, uniq_menkaure
D:6:      layout_basic, worldfamousw_hep_ancestral_shrine, temple_green,
          serial_rivers, chequers_serial_rivers_micro_a,
          chequers_serial_rivers_micro_e, chequers_serial_rivers_micro_d,
          chequers_serial_rivers_room_b
D:7:      layout_cave_pools, gammafunk_ghost_hive
D:8:      layout_loops_ring, kennysheep_path_1
D:9:      layout_irregular_city, serial_shops, nicolae_shop_tiny_statue_garden
D:10:     layout_small_grid, nicolae_gozag_seed_capital,
          mainiacjoe_overflow_tiny_flanked, nicolae_qazlal_style_of_elements,
          minitemple, due_unseen_surprise, uniq_urug
D:11:     minmay_the_grid_3x3 [minmay_the_grid_fan,
          minmay_the_grid_holed_spiral, minmay_the_grid_mess,
          minmay_the_grid_zigzag_pyramid, minmay_the_grid_gridbox,
          minmay_the_grid_odd_star, minmay_the_grid_armoury,
          minmay_the_grid_eight, minmay_the_grid_prize_inner_circle],
          layout_loops_corners, dpeg_oklobed_lair, orc_david_3, serial_shops,
          shop, nicolae_shop_window_shopping
D:12:     layout_layer_cave, corexii_checkpoint, corexii_checkpoint, uniq_snorg
D:13:     minmay_tri_box, layout_basic, hellmonk_vaults_order_and_chaos,
          nicolae_looking_at_the_future

Skill      XL: |  1  2  3  4  5  6  7  8  9 10 11 12 |
---------------+-------------------------------------+-----
Unarmed Combat | 4 5 6 7 8 10 12 13 15 16 | 16.5
Shapeshifting  | 4 5 6 7 8 9 10 11 | 11.4
Fighting       | 2 4 6 7 |  7.8
Dodging        | 3 5 7 8 |  8.1

Action                     |  1- 3 |  4- 6 |  7- 9 | 10-12 || total
---------------------------+-------+-------+-------+-------++-------
  Melee: Unarmed           |    50 |   138 |   222 |   395 ||   805
         Punch             |     1 |     3 |       |       ||     4
         Pseudopods        |       |       |    17 |   112 ||   129
         Bite              |       |       |     5 |    22 ||    27
 Invoke: Oozemancy         |       |       |     1 |     1 ||     2
    Use: Scroll            |       |     5 |     6 |     8 ||    19
         Potion            |       |       |       |     1 ||     1
   Stab: Sleeping          |       |       |     1 |       ||     1
 Armour: Scale mail        |    38 |    83 |    46 |       ||   167
         Animal skin       |     1 |       |       |       ||     1
         Skin              |       |       |    48 |   157 ||   205
  Dodge: Dodged            |    18 |    93 |   168 |   387 ||   666
   Form: Flux              |       |       |     1 |       ||     1

Table legend: (Time is in decaauts)
 A = Elapsed time spent in this place.
 B = Non-inter-level travel time spent in this place.
 C = Inter-level travel time spent in this place.
 D = Time resting spent in this place.
 E = Time spent auto-exploring this place.
 F = Levels seen in this place.
 G = Mean time per level.
                   A        B        C        D        E       F      G
               +--------+--------+--------+--------+--------+-----+--------+
         Total |   5803 |   5692 |    111 |      0 |   3759 |  14 |  414.5 |
       Dungeon |   5447 |   5336 |    111 |      0 |   3543 |  13 |  419.0 |
         Sewer |    355 |    355 |      0 |      0 |    216 |   1 |  355.0 |
               +--------+--------+--------+--------+--------+-----+--------+

Top non-repeatable levels by time:
     D:3: 679 daAuts
     D:8: 560 daAuts
     D:1: 492 daAuts
    D:10: 489 daAuts
     D:4: 453 daAuts
     D:6: 427 daAuts
     D:9: 410 daAuts
     D:2: 387 daAuts
    D:12: 371 daAuts
    D:11: 371 daAuts
   Sewer: 355 daAuts
     D:7: 316 daAuts
     D:5: 297 daAuts
    D:13: 190 daAuts
